 Dungeon Sprint DCSS version 0.27.1-33-g824d729ab1 (webtiles) character file.

Game seed: 1363657218389668714

423 manyhoops the Blocker (level 7, -8/60 HPs)
             Began as a Formicid Fighter on Nov 27, 2021.
             Mangled by a slime creature (15 damage)
             ... in the Dungeon (Sprint I: "Red Sonja").
             The game lasted 00:01:25 (429 turns).

manyhoops the Blocker (Formicid Fighter)             Turns: 429, Time: 00:01:25

Health: -8/60      AC: 11    Str: 23    XL:     7   Next: 17%
Magic:  7/7        EV:  8    Int:  7    God:
Gold:   241        SH: 12    Dex: 10    Spells: 6/6 levels left

rFire    . . .     SeeInvis +   a - +0 flail
rCold    . . .     Faith    .   c - +0 kite shield
rNeg     . . .     Spirit   .   f - +1 chain mail {Will+}
rPois    .         Reflect  .   (helmet unavailable)
rElec    .         Harm     .   (no cloak)
rCorr    .         Rampage  .   (no gloves)
Will     +....                  (no boots)
Stlth    ..........             (no amulet)
HPRegen  0.20/turn              (no ring)
MPRegen  0.10/turn              (no ring)

@: no status effects
A: permanent stasis, dig shafts and tunnels, antennae 3, four strong arms
a: Dig


You were in the Dungeon.
You visited 1 branch You collected 313 gold pieces.
You spent 72 gold pieces at shops.

Inventory:

Hand Weapons
 a - a +0 flail (weapon)
Armour
 b - a +0 scale mail
 c - a +0 kite shield (worn)
 f - a +1 chain mail of willpower (worn)
Wands
 d - a wand of digging (3)
Scrolls
 i - 3 scrolls of identify
Potions
 e - a potion of curing
 g - 2 potions of magic
 h - 2 potions of resistance {unknown}


   Skills:
 + Level 7.2 Fighting
 - Level 9.3 Maces & Flails
 + Level 6.2 Armour
 - Level 10.3 Shields


You had 6 spell levels left.
You didn't know any spells.
Your spell library was empty.

Dungeon Overview and Level Annotations

Branches:
Dungeon (1/1)

Altars:
Cheibriados
Dithmenos
Elyvilon
Fedhas
Gozag
Hepliaklqana
Kikubaaqudgha
Makhleb
Nemelex Xobeh
Okawaru
Qazlal
Ru
Sif Muna
Trog
Uskayaw
Vehumet
Wu Jian
Xom
Yredelemnul
Zin
The Shining One
Jiyva
Lugonu

Shops:
D ?


Innate Abilities, Weirdness & Mutations

You cannot be hasted, slowed, berserked, paralysed or teleported.
You can dig through walls and to a lower floor.
You have a pair of large antennae on your head. (SInv)
Your four strong arms can wield two-handed weapons with a shield.


Message History

You barely miss the slime creature.
The slime creature is heavily wounded.
The slime creature barely misses you.
You barely miss the slime creature.
The slime creature is heavily wounded.
You block the slime creature's attack.
You hit the slime creature but do no damage.
The slime creature is heavily wounded.
The slime creature hits you!
You hit the slime creature.
The slime creature is heavily wounded.
The slime creature hits you but does no damage.
You hit the slime creature.
The slime creature is heavily wounded.
The slime creature hits you but does no damage.
Your chain mail prevents you from hitting the slime creature.
The slime creature is heavily wounded.
The slime creature hits you!
You hit the slime creature but do no damage.
The slime creature is heavily wounded.
You block the slime creature's attack.
You thump the slime creature!
The slime creature is severely wounded.
You block the slime creature's attack.
You thump the slime creature!
The slime creature is almost dead.
The slime creature hits you!
* * * LOW HITPOINT WARNING * * *
You barely miss the slime creature.
The slime creature is almost dead.
The slime creature hits you.
* * * LOW HITPOINT WARNING * * *
Okay, then.
You hit the slime creature.
The slime creature is almost dead.
You block the slime creature's attack.
You hit the slime creature but do no damage.
The slime creature is almost dead.
The slime creature hits you!
You die...

################ ##
#<.#..)..#..'..#__#
#..').#..').#.@J..+
#..#####'#####'#__#
#..####..#...#.# ##
#..#__####..##.# {
#..#_____##'#_.+
#⌠⌠#_.∩...†..._# {
####_..__##_.#+#
#_____###+# #######


You could see a slime creature.

Vanquished Creatures
  Sigmund (D)
  A yak (D)
  An ogre (D)
  A jelly (D)
  Ijyb (D)
5 creatures vanquished.

Notes
Turn   | Place    | Note
-------+----------+-------------------------------------------
     0 | D        | manyhoops the Formicid Fighter began the quest for the Orb.
     0 | D        | Reached XP level 1. HP: 18/18 MP: 1/1
     2 | D        | Noticed Ijyb
    29 | D        | Killed Ijyb
    30 | D        | Reached XP level 2. HP: 19/24 MP: 2/2
    30 | D        | Reached XP level 3. HP: 23/29 MP: 3/3
    83 | D        | Noticed an ogre
    87 | D        | Killed an ogre
    88 | D        | Reached XP level 4. HP: 17/35 MP: 4/4
    88 | D        | Reached XP level 5. HP: 20/41 MP: 5/5
   248 | D        | Noticed Sigmund
   259 | D        | Killed Sigmund
   260 | D        | Reached skill level 10 in Shields
   260 | D        | Reached XP level 6. HP: 41/47 MP: 6/6
   280 | D        | Found an ornate altar of the Wu Jian Council.
   280 | D        | Found a shimmering blue altar of Sif Muna.
   282 | D        | Found a radiant altar of Vehumet.
   297 | D        | Found Remepeap's Magic Scroll Emporium.
   297 | D        | Found an ancient bone altar of Kikubaaqudgha.
   297 | D        | Found a hazy altar of Hepliaklqana.
   297 | D        | Found a stormy altar of Qazlal.
   297 | D        | Found a hide-covered altar of Uskayaw.
   297 | D        | Found a blossoming altar of Fedhas.
   297 | D        | Found a bloodstained altar of Trog.
   297 | D        | Found an iron altar of Okawaru.
   297 | D        | Found a basalt altar of Yredelemnul.
   297 | D        | Found a glowing golden altar of the Shining One.
   297 | D        | Found a snail-covered altar of Cheibriados.
   297 | D        | Found a sacrificial altar of Ru.
   297 | D        | Found a glowing silver altar of Zin.
   297 | D        | Found a shadowy altar of Dithmenos.
   297 | D        | Found a white marble altar of Elyvilon.
   297 | D        | Noticed a yak
   307 | D        | Killed a yak
   308 | D        | Reached XP level 7. HP: 39/60 MP: 7/7
   308 | D        | Found an opulent altar of Gozag.
   309 | D        | Found a sparkling altar of Nemelex Xobeh.
   315 | D        | Bought a scroll of identify for 24 gold pieces
   315 | D        | Bought a scroll of identify for 24 gold pieces
   315 | D        | Bought a scroll of identify for 24 gold pieces
   411 | D        | Found a burning altar of Makhleb.
   411 | D        | Found a viscous altar of Jiyva.
   411 | D        | Found a shimmering altar of Xom.
   411 | D        | Found a corrupted altar of Lugonu.
   411 | D        | Noticed a slime creature
   429 | D        | Mangled by a slime creature

Illustrated notes

Levels and vault maps discovered:
D:        dungeon_sprint_1 [red_sonja_temple_1, red_sonja_temple_small_1]

Skill      XL: |  1  2  3  4  5  6 |
---------------+-------------------+-----
Maces & Flails | 6 9 |  9.3
Shields        | 10 | 10.3
Fighting       | 7 |  7.2
Armour         | 6 |  6.2

Action                   |  1- 3 |  4- 6 |  7- 9 || total
-------------------------+-------+-------+-------++-------
Melee: Flail             |    26 |    23 |    17 ||    66
  Use: Potion            |     2 |       |       ||     2
Armor: Scale mail        |    10 |       |       ||    10
       Chain mail        |       |     3 |     2 ||     5
Dodge: Dodged            |     6 |     7 |     1 ||    14
Block: Kite shield       |    12 |     4 |     4 ||    20
